 Dungeon Crawl Stone Soup version 0.22-a0-612-gd2f0174 (webtiles) character file.

13939 Mamutox the Basher (level 11, -3/109 HPs)
             Began as a Troll Monk on July 11, 2018.
             Was a Priest of the Shining One.
             Slain by a seven-headed hydra (5 damage)
             ... on level 2 of the Lair of Beasts on July 12, 2018.
             The game lasted 00:43:03 (11567 turns).

Mamutox the Basher (Troll Monk)                    Turns: 11567, Time: 00:43:03

Health: -3/109     AC:  8    Str: 26    XL:     11   Next: 82%
Magic:  11/13      EV: 13    Int:  6    God:    the Shining One [***...]
Gold:   554        SH: 25    Dex: 15    Spells: 10/10 levels left

rFire    + . .     SeeInvis .   N - +1 flail (holy)
rCold    . . .     Gourm    +   r - +0 shield
rNeg     + + .     Faith    .   R - +2 robe {rN+}
rPois    .         Spirit   .   (helmet restricted)
rElec    .         Reflect  +   p - +0 cloak
rCorr    .         Harm     .   (gloves unavailable)
MR       +....                  (boots unavailable)
Stlth    +.........             d - +5 amulet of reflection
HPRegen  0.68/turn              h - ring of protection from magic
MPRegen  0.13/turn              K - ring of protection from fire

@: mighty, divine shield, glowing
A: large, unfitting armour, claws 3, fast metabolism 3, gourmand, regeneration
1, shaggy fur 1, tough skin 2
a: Divine Shield, Renounce Religion


You were on level 2 of the Lair of Beasts.
You worshipped the Shining One.
The Shining One was most pleased with you.
You were not hungry.

You visited 3 branches of the dungeon, and saw 15 of its levels.

You collected 554 gold pieces.

Inventory:

Hand Weapons
 a - a +0 giant spiked club
 D - a +2 flail of draining
 N - a +1 flail of holy wrath (weapon)
Missiles
 n - 82 poisoned needles
 q - 6 large rocks
 C - 4 javelins (quivered)
 O - 3 tomahawks of returning
 T - 2 steel javelins
Armour
 p - a +0 cloak (worn)
 r - a +0 shield (worn)
 R - a +2 robe of positive energy (worn)
Jewellery
 d - a +5 amulet of reflection (around neck)
 f - an uncursed ring of positive energy
 h - a ring of protection from magic (left claw)
 l - an uncursed amulet of rage
 v - an uncursed amulet of guardian spirit
 K - a ring of protection from fire (right claw)
Wands
 s - a wand of paralysis (10)
 z - a wand of flame (40)
 E - a wand of polymorph (29)
 F - a wand of disintegration (12)
 S - a wand of acid (10)
Scrolls
 k - a scroll of blinking {unknown}
 m - 7 scrolls of teleportation
 o - 2 scrolls of fear
 t - 2 scrolls of remove curse
 y - a scroll of silence
 H - a scroll of amnesia {unknown}
 I - a scroll of fog {unknown}
 J - a scroll of immolation {unknown}
 M - a scroll of enchant weapon {unknown}
Potions
 e - a potion of invisibility {unknown}
 g - 2 potions of heal wounds
 i - a potion of agility
 j - 3 potions of might
 u - 4 potions of brilliance
 w - a potion of curing {unknown}
 x - a potion of magic
 A - a potion of lignification
 B - 2 potions of berserk rage
 G - a potion of resistance
 L - a potion of degeneration {unknown}
 Q - a potion of flight
Miscellaneous
 P - a lightning rod (4/4)
Comestibles
 c - 29 rations


   Skills:
 + Level 7.3 Fighting
 - Level 11.1 Maces & Flails
 + Level 6.4 Dodging
 - Level 1.0 Stealth
 - Level 7.7 Shields
 - Level 5.0 Invocations


You had 10 spell levels left.
You didn't know any spells.
Your spell library contained the following spells:

 Spells                   Type           Power        Failure   Level  Hunger
 Apportation              Tloc           #.....       54%         1    ##.....
 Summon Small Mammal      Summ           #...         54%         1    ##.....
 Animate Skeleton         Necr           N/A          54%         1    ##.....
 Confusing Touch          Hex            #.....       54%         1    ##.....


Dungeon Overview and Level Annotations

Branches:
Dungeon (11/15)            Temple (1/1) D:7            Lair (3/6) D:8
  Swamp (0/4) Lair:2
  Snake: Lair:2-4    Spider: Lair:2-4       Orc: D:9-12

Altars:
Ashenzari
Cheibriados
Dithmenos
Fedhas
Gozag
Hepliaklqana
Kikubaaqudgha
Makhleb
Nemelex Xobeh
Okawaru
Qazlal
Ru
Sif Muna
Trog
Vehumet
Wu Jian
Xom
Yredelemnul
Zin
The Shining One


Innate Abilities, Weirdness & Mutations

You are too large for most types of armour.
You have claws for hands.
Your metabolism is lightning-fast.
You like to eat raw meat.
Your natural rate of healing is unusually fast.
You are covered in fur. (AC +1)
You have very tough skin. (AC +2)


Message History

The seven-headed hydra bites you but does no damage.
The seven-headed hydra bites you!
* * * LOW HITPOINT WARNING * * *
You block the seven-headed hydra's attack.
The seven-headed hydra bites you.
* * * LOW HITPOINT WARNING * * *
You block the seven-headed hydra's attack.
You hit the seven-headed hydra.
The seven-headed hydra is severely wounded.
You block the seven-headed hydra's attack. x3
The seven-headed hydra barely misses you.
The seven-headed hydra bites you but does no damage.
The seven-headed hydra closely misses you.
The seven-headed hydra bites you!
* * * LOW HITPOINT WARNING * * *
You hit the seven-headed hydra.
The seven-headed hydra is almost dead.
You block the seven-headed hydra's attack.
The seven-headed hydra bites you.
You die...

##.......# ##..........##
#.......###............#
###.......##.............#
#.#.......###...........##
##.......## ##..........#
#.#......# #..........#
#........## #.#......P.#
##........####........###
#...........D@.#.##..§§##
##..........P#.#.####.§§##
#♣...........####
###§.#####
#♣♣♣...........##
#§.§§#§#.
#♣≈≈.............#
#§#§§§#..
#♣≈≈≈.............#
######...
#≈≈≈≈P...........## #..§
♣≈≈P....#.......# #...
#♣♣≈....#P.....## ###...


You could see a seven-headed hydra.

Vanquished Creatures
  Erolcha (D:9)
  A two-headed ogre (D:8)
  An unseen horror (D:11)
  Pikel (D:4)
  The ghost of sking99 the Ruffian, a novice DrTm of Fedhas (D:6)
  A black mamba (Lair:2)
  Psyche (D:7)
  2 spiny frogs
  A kobold demonologist (D:11)
  2 komodo dragons
  A hornet (D:8)
  Grinder (D:5)
  3 blink frogs (Lair:2)
  2 hippogriffs
  2 wyverns
  11 yaks
  3 hogs
  A human (D:8)
  A hungry ghost (D:11)
  Menkaure (D:4)
  2 wargs (D:8)
  Edmund (D:6)
  A water moccasin (Lair:1)
  3 porcupines
  3 sky beasts
  An orc warrior (D:8)
  A slave (D:4)
  A black bear (D:8)
  A necrophage (D:5)
  3 ice beasts
  2 phantoms
  5 centaurs
  6 ogres
  6 crocodiles
  5 bullfrogs
  A scorpion (D:6)
  A howler monkey (D:4)
  4 crimson imps
  A hound (D:5)
  3 jellies
  Crazy Yiuf (D:3)
  7 orc priests
  4 bullfrog skeletons
  2 centaur skeletons
  6 iguanas
  4 worker ants
  Ijyb (D:4)
  8 orc wizards
  A hound skeleton (D:6)
  A worker ant zombie (D:8)
  7 gnolls
  10 adders
  A shadow imp (D:8)
  An adder zombie (D:6)
  An ooze (D:1)
  4 worms
  3 dart slugs
  A leopard gecko (D:3)
  21 orcs
  2 ball pythons
  7 giant cockroaches
  5 goblins
  3 hobgoblins
  9 jackals
  4 quokkas
  A ball python zombie (D:6)
  8 bats
  4 frilled lizards
  A jackal zombie (D:6)
  5 kobolds
  A quokka skeleton (D:5)
  A quokka zombie (D:8)
  8 rats
232 creatures vanquished.

Vanquished Creatures (others)
  A cyclops (D:11)
  A slave (D:4)
  A centaur (D:11)
  A hound (D:4)
  A quokka (D:4)
  2 plants (Lair:2)
7 creatures vanquished.

Grand Total: 239 creatures vanquished

Notes
Turn   | Place    | Note
-------+----------+-------------------------------------------
     0 | D:1      | Mamutox the Troll Monk began the quest for the Orb.
     0 | D:1      | Reached XP level 1. HP: 22/22 MP: 0/0
   110 | D:1      | Reached skill level 3 in Maces & Flails
   145 | D:1      | Reached XP level 2. HP: 27/29 MP: 1/1
   792 | D:2      | Reached XP level 3. HP: 32/36 MP: 2/2
   844 | D:2      | Reached skill level 4 in Maces & Flails
   912 | D:2      | Noticed an ogre
   922 | D:2      | Killed an ogre
   922 | D:2      | Reached skill level 5 in Maces & Flails
   922 | D:2      | Reached XP level 4. HP: 44/44 MP: 3/3
  1095 | D:2      | Reached XP level 5. HP: 47/50 MP: 4/4
  1883 | D:3      | Found a runed door.
  1887 | D:3      | Noticed Crazy Yiuf
  1898 | D:3      | Killed Crazy Yiuf
  2080 | D:4      | Reached XP level 6. HP: 48/59 MP: 5/5
  2118 | D:4      | Reached skill level 6 in Maces & Flails
  2337 | D:4      | Reached XP level 7. HP: 67/67 MP: 6/6
  2368 | D:4      | Noticed Ijyb
  2373 | D:4      | Paralysed by Ijyb for 6 turns
  2380 | D:4      | Killed Ijyb
  2475 | D:4      | Noticed Menkaure
  2495 | D:4      | Killed Menkaure
  2495 | D:4      | Reached skill level 7 in Maces & Flails
  2495 | D:4      | Reached skill level 1 in Shields
  2692 | D:4      | Noticed Pikel
  2703 | D:4      | Killed Pikel
  2703 | D:4      | Reached skill level 8 in Maces & Flails
  2703 | D:4      | Reached XP level 8. HP: 23/75 MP: 7/7
  2813 | D:4      | Found a sparkling altar of Nemelex Xobeh.
  3075 | D:5      | Entered Level 5 of the Dungeon
  3463 | D:5      | Found a shadowy altar of Dithmenos.
  3477 | D:5      | Found a snail-covered altar of Cheibriados.
  3477 | D:5      | Found a blossoming altar of Fedhas.
  3538 | D:5      | Noticed Grinder
  3553 | D:5      | Killed Grinder
  3553 | D:5      | Reached skill level 9 in Maces & Flails
  3631 | D:6      | Noticed Edmund
  3655 | D:6      | Killed Edmund
  3944 | D:6      | Reached XP level 9. HP: 82/84 MP: 8/8
  4288 | D:6      | Found a runed door.
  4288 | D:6      | Noticed sking99's ghost (novice DrTm)
  4315 | D:6      | Found a radiant altar of Vehumet.
  4621 | D:6      | Killed sking99's ghost
  4621 | D:6      | Reached skill level 5 in Shields
  5123 | D:7      | Found a staircase to the Ecumenical Temple.
  5129 | Temple   | Entered the Ecumenical Temple
  5317 | Temple   | Became a worshipper of the Shining One
  5317 | Temple   | Reached * piety under the Shining One
  5317 | Temple   | Reached ** piety under the Shining One
  5373 | D:7      | Found a deep blue altar of Sif Muna.
  5601 | D:8      | Reached skill level 1 in Invocations
  5619 | D:8      | Paralysed by fainting for 7 turns
  6063 | D:8      | Noticed Psyche
  6093 | D:7      | Killed Psyche
  6346 | D:8      | Reached XP level 10. HP: 57/94 MP: 12/12
  6420 | D:8      | Reached skill level 10 in Maces & Flails
  6462 | D:8      | Reached skill level 5 in Invocations
  6746 | D:8      | You fall through a shaft for 3 floors!
  6761 | D:11     | Noticed an orange demon
  6926 | D:11     | Reached *** piety under the Shining One
  7059 | D:11     | Noticed a cyclops
  7090 | D:11     | Noticed a cyclops
  7577 | D:11     | Killed a cyclops
  7583 | D:11     | Noticed an unseen horror
  7596 | D:11     | Killed an unseen horror
  7596 | D:11     | Reached skill level 11 in Maces & Flails
  7726 | D:11     | Reached XP level 11. HP: 57/101 MP: 9/13
  7836 | D:10     | Entered Level 10 of the Dungeon
  7971 | D:10     | Reached skill level 5 in Fighting
  8383 | D:9      | Noticed Erolcha
  8395 | D:9      | Killed Erolcha
  8492 | D:8      | Found a staircase to the Lair.
  8725 | D:8      | Noticed a two-headed ogre
  8737 | D:8      | Killed a two-headed ogre
  8947 | D:8      | Found a sparkling altar of Nemelex Xobeh.
  8954 | D:8      | Found a basalt altar of Yredelemnul.
  9008 | Lair:1   | Entered Level 1 of the Lair of Beasts
  9044 | Lair:1   | Found a basalt altar of Yredelemnul.
  9153 | D:8      | Reached skill level 5 in Dodging
 10948 | Lair:2   | Found a staircase to the Swamp.
 11344 | Lair:3   | Noticed a seven-headed hydra
 11357 | Lair:2   | HP: 2/109 [seven-headed hydra (11)]
 11566 | Lair:2   | HP: 1/109 [seven-headed hydra (10)]
 11567 | Lair:2   | Slain by a seven-headed hydra

Vault maps used:
D:1:      dpeg_arrival_leaves_temple_mockup, minmay_misc_feat_ornament
D:2:      grunt_decor_mini_mirrors
D:3:      uniq_crazy_yiuf_cottage
D:4:      nemelex_diamond_rough_becter, uniq_pikel, uniq_menkaure, uniq_ijyb
D:5:      minitemple, first_ration, uniq_grinder
D:6:      vehumet_altar_wand_db, hellmonk_ghost_happy_afterlife,
          patterned_corridor, uniq_edmund
D:7:      led_sif_book, minmay_temple_entry_fiery
D:8:      grunt_temple_overflow_open, erik_lair_orcish_takeover, serial_glass,
          glass_columns_b, glass_columns_a, grunt_livestock, uniq_psyche
D:9:      kennysheep_mini, lemuel_coloured_pillars_altar, kennysheep_diamond,
          minmay_lindwurm_lava, uniq_erolcha
D:10:     orc_0_dummy
D:11:     giant_chief_lemuel, uniq_harold
Temple:   nicolae_temple_figure_eight
Lair:1:   basic_altar
Lair:2:   swamp_mist, serial_bayou_shore_b
Lair:3:   lemuel_fruit_tree, minmay_lair_oklob_chamber

Skill      XL: |  1  2  3  4  5  6  7  8  9 10 11 |
---------------+----------------------------------+-----
Maces & Flails | 3 5 6 8 9 11 | 11.1
Fighting       | 3 4 7 |  7.3
Shields        | 2 4 5 7 |  7.7
Invocations    | 4 5 |  5.0
Dodging        | 3 6 |  6.4
Stealth        | |  1.0

Action                   |  1- 3 |  4- 6 |  7- 9 | 10-12 || total
-------------------------+-------+-------+-------+-------++-------
Melee: Mace              |    86 |   159 |       |       ||   245
       Giant club        |       |    23 |   197 |       ||   220
       Flail             |       |       |   106 |   518 ||   624
       Unarmed           |       |       |    14 |       ||    14
Invok: Divine Shield     |       |       |     1 |     5 ||     6
  Use: Scroll            |       |       |    12 |     5 ||    17
       Potion            |       |       |     1 |     4 ||     5
 Stab: Sleeping          |       |       |     2 |       ||     2
  Eat: Chunk             |    14 |    13 |    37 |    46 ||   110
Armor: Robe              |    57 |    63 |    67 |    61 ||   248
       Skin              |       |       |       |     4 ||     4
Dodge: Dodged            |    66 |   108 |   110 |   121 ||   405
Block: Other             |    40 |    51 |    70 |       ||   161
       Reflection        |       |       |     3 |     9 ||    12
       Shield            |       |       |    18 |   382 ||   400

Table legend:
 A = Spawn XP
 B = Non-spawn XP
 C = Spawn XP percentage of total XP
 D = Spawn monster count
 E = Non-spawn monster count
 F = Spawn count percentage of total count
 G = Total turns spent on level
                    A         B        C        D         E        F      G
               +---------+---------+-------+---------+---------+-------+---------
         Total |       0 |   19914 |   0.0 |       0 |     233 |   0.0 | 11567
               +---------+---------+-------+---------+---------+-------+---------
           D:1 |       0 |      26 |   0.0 |       0 |      11 |   0.0 |   759
           D:2 |       0 |     174 |   0.0 |       0 |      21 |   0.0 |   542
           D:3 |       0 |     126 |   0.0 |       0 |      24 |   0.0 |   728
           D:4 |       0 |    1264 |   0.0 |       0 |      17 |   0.0 |  1046
           D:5 |       0 |     855 |   0.0 |       0 |      14 |   0.0 |   712
           D:6 |       0 |    1029 |   0.0 |       0 |      21 |   0.0 |   943
           D:7 |       0 |    1615 |   0.0 |       0 |      23 |   0.0 |  1440
           D:8 |       0 |    4521 |   0.0 |       0 |      49 |   0.0 |   914
           D:9 |       0 |    1061 |   0.0 |       0 |       5 |   0.0 |   150
          D:10 |       0 |     246 |   0.0 |       0 |       4 |   0.0 |   506
          D:11 |       0 |    3939 |   0.0 |       0 |      19 |   0.0 |  1090
        Lair:1 |       0 |    1954 |   0.0 |       0 |      10 |   0.0 |   811
        Lair:2 |       0 |    3003 |   0.0 |       0 |      14 |   0.0 |  1707
        Lair:3 |       0 |     101 |   0.0 |       0 |       1 |   0.0 |    21
               +---------+---------+-------+---------+---------+-------+---------
